 Dungeon Crawl Stone Soup version 0.29-a0-477-g62b78b4225 (console) character file.

Game seed: 7682771618157007957

5032 Faeu the Marksminotaur (level 10, 0/85 (88) HPs)
             Began as a Minotaur Berserker on May 25, 2022.
             Was a Priest of Trog.
             Killed from afar by an electric eel (7 damage)
             ... with a bolt of electricity
             ... on level 8 of the Dungeon.
             The game lasted 00:26:27 (7735 turns).

Faeu the Marksminotaur (Minotaur Berserker)         Turns: 7735, Time: 00:26:28

HP:   0/85 (88)     AC: 14    Str: 26    XL:     10   Next: 30%
MP:   9/9           EV:  8    Int: 10    God:    Trog [***...]
Gold: 336           SH:  0    Dex: 10    Spells: 9/9 levels left

rFire   + . .      SeeInvis .   e - +5 trident (freeze) {polearm}
rCold   + . .      Faith    .   (no shield)
rNeg    . . .      Spirit   .   b - +0 plate armour
rPois   .          Reflect  .   (helmet restricted)
rElec   .          Harm     .   u - scarf {rC+ rF+}
rCorr   .          Rampage  .   S - +0 pair of gloves
Will    .....                   (no boots)
Stlth   ..........              (no amulet)
HPRegen 0.24/turn               V - +6 ring of intelligence
MPRegen 0.11/turn               (no ring)

@: lightly drained
A: horns 2, retaliatory headbutt
a: Renounce Religion, Berserk, Trog's Hand


You were on level 8 of the Dungeon.
You worshipped Trog.
Trog was most pleased with you.
You visited 1 branch of the dungeon, and saw 8 of its levels.

You collected 336 gold pieces.


Innate Abilities, Weirdness & Mutations

You have a pair of horns on your head.
You reflexively headbutt those who attack you in melee.


   Skills:
 + Level 8.0 Fighting
 + Level 8.0 Axes
 - Level 15.8 Bows
 + Level 6.0 Armour
 - Level 2.1 Dodging


You had 9 spell levels left.
You didn't know any spells.
Your spell library contained the following spells:

 Spells                   Type           Power      Damage    Failure   Level
 Static Discharge         Conj/Air       0%         N/A       100%        2
 Confusing Touch          Hex            0%         N/A       100%        3
 Corpse Rot               Necr/Pois/Air  0%         N/A       100%        4
 Dispel Undead            Necr           0%         3d6       100%        4
 Sticky Flame             Conj/Fire      0%         2d3       100%        4
 Yara's Violent Unravell  Hex/Tmut       0%         3d3       100%        5
 Death Channel            Necr           0%         N/A       100%        6
 Enfeeble                 Hex            0%         N/A       100%        7

Inventory:

Hand Weapons
 a - a +3 war axe of freezing {axe}
   (You took it off a wight on level 7 of the Dungeon)
 e - a +5 trident of freezing (weapon) {polearm}
   (You took it off a wight on level 7 of the Dungeon)
 h - the +4 long sword "Kacaw" {vamp, *Corrode rF+ Int+9, long}
   (You found it on level 2 of the Dungeon)

   It occasionally heals its wielder for a portion of the damage dealt when it
   wounds a living foe.
   Int:       It affects your intelligence (+9).
   rF:        It protects you from fire.
   *Corrode:  It may corrode you when you take damage.
 k - the +2 mace of Interdependent Arising {drain, Fly, mace}
   (You found it on level 3 of the Dungeon)

   A truly terrible weapon, it drains the life of any living foe it strikes.
   Fly:       It grants you flight.
 x - the +9 shortbow of Gin and Tonic {flame, Str+4 Dex+2, bow}
   (You found it on level 3 of the Dungeon)

   Any ammunition fired from it burns those it strikes, dealing additional fire
   damage.
   Str:       It affects your strength (+4).
   Dex:       It affects your dexterity (+2).
 L - a +2 whip of venom {mace}
   (You took it off a gnoll on level 5 of the Dungeon)
Missiles
 E - 9 poisoned darts (quivered) {throwing}
Armour
 b - a +0 plate armour (worn)
   (You found it on level 6 of the Dungeon)
 j - a +0 ring mail
   (You took it off an orc on level 6 of the Dungeon)
 n - a +0 plate armour
   (You took it off an orc warrior on level 6 of the Dungeon)
 t - a +0 leather armour
   (You took it off an orc on level 7 of the Dungeon)
 u - a scarf of resistance (worn)
   (You found it on level 3 of the Dungeon)
 B - a +0 chain mail
   (You took it off an orc on level 8 of the Dungeon)
 D - a +0 leather armour
   (You took it off a gnoll shaman on level 7 of the Dungeon)
 F - a +0 ring mail
   (You found it on level 7 of the Dungeon)
 H - a +0 scale mail
   (You took it off a gnoll sergeant on level 8 of the Dungeon)
 J - a +0 robe
   (You took it off an orc wizard on level 8 of the Dungeon)
 S - a +0 pair of gloves (worn)
   (You found it on level 5 of the Dungeon)
Jewellery
 V - a +6 ring of intelligence (left hand)
   (You found it on level 6 of the Dungeon)
Wands
 g - a wand of acid (7)
   (You found it on level 7 of the Dungeon)
 o - a wand of polymorph (12)
   (You found it on level 7 of the Dungeon)
 q - a wand of charming (10)
   (You found it on level 3 of the Dungeon)
 A - a wand of paralysis (22)
   (You found it on level 3 of the Dungeon)
Scrolls
 c - 2 scrolls of poison {!r}
 d - 2 scrolls of amnesia
 i - 3 scrolls of teleportation {@r4}
 l - 4 scrolls of immolation {!r!r}
 y - a scroll of torment {!r}
 G - a scroll of fear {unknown}
 I - 3 scrolls of fog
 K - a scroll of noise {unknown}
 M - a scroll of magic mapping {unknown}
 O - a scroll of silence {unknown}
 R - a scroll of brand weapon {unknown}
Potions
 f - a potion of ambrosia {unknown}
 m - a potion of flight {unknown}
 p - a potion of resistance {unknown}
 r - a potion of berserk rage {unknown}
 s - a potion of haste {unknown}
 v - 2 potions of heal wounds {@q2}
 w - 3 potions of degeneration {unknown}
 z - 3 potions of curing {@q1}
 C - a potion of invisibility {unknown}
 Q - a potion of brilliance {unknown}
 Z - 2 potions of magic {unknown}

Dungeon Overview and Level Annotations

Branches:
Dungeon (8/15)             Temple (0/1) D:5
   Lair: D:8-11

Altars:
Sif Muna

Shops:
D:4 (![ D:5

(
.#########.#)........{......
......####.#....≈≈≈≈...≈≈...
........ .........≈≈≈.≈≈≈≈..
...##.####.#.?....≈≈≈..≈≈≈..
.#..............≈≈≈≈≈.......
.#..#.#####...≈≈≈≈≈≈≈..z....
.#..#.#####....≈≈≈≈≈....S≈
.#..#.........≈≈≈≈≈.......
†#..............≈≈........
.......#####.............≈
.......# #....@........≈
..?..=.# #...≈.......≈≈≈
.......# #..........SS≈≈
≈......# #..........≈S≈≈
≈≈.##### #..........≈≈≈≈
.≈.# #.≈............ ...#
#.......)≈≈≈≈≈≈ ...#
#.......≈≈≈≈≈≈≈ ####


You could see 3 electric eels and a wight.


Message History

Trog appreciates your killing of a magic user.
Reactivating autopickup.
You feel a bit more experienced.
J - a +0 robe
Things that are here:
a +0 club {mace}; a +0 spear of venom {polearm}; a gnoll corpse
Things that are here:
a +0 whip {mace}; a +0 spear {polearm}; a gnoll corpse 😮 HP[+1]
You hear the faint creaking of a very distant portcullis. 😮 HP[+1] 😮 HP[+1] 😮 HP[+1] 😮 HP[+1] 😮 HP[+1] 😮 HP[+1] Prince Ribbit comes into view.
Prince Ribbit croaks.
You hear a loud, deep croak! 😮 HP[+1]
A bullfrog comes into view.
Prince Ribbit catches a small bird with his tongue.
The bullfrog moves out of view.
Prince Ribbit hits you. 😮 HP[-1]
You take 1 damage, and now have 53/81 hp.
You puncture Prince Ribbit!
Prince Ribbit seems to slow down.
You freeze Prince Ribbit. Your headbutt misses Prince Ribbit.
Prince Ribbit hits you. 😮 HP[-6]
You take 6 damage, and now have 47/81 hp.
You hit Prince Ribbit. You freeze Prince Ribbit.
Prince Ribbit blinks! 😮 HP[+1]
You hit the bullfrog. You freeze the bullfrog.
The bullfrog hits you but does no damage.
You hit the bullfrog. You freeze the bullfrog. The bullfrog hits you!
Prince Ribbit hops awkwardly around. 😮 HP[-7]
You take 7 damage, and now have 41/81 hp.
You puncture Prince Ribbit! You freeze Prince Ribbit. You hit Prince Ribbit.
You freeze Prince Ribbit.
Prince Ribbit is no longer moving slowly.
Prince Ribbit barely misses you. 😮 HP[+1]
You puncture Prince Ribbit!
Prince Ribbit seems to slow down.
You freeze Prince Ribbit.
You kill Prince Ribbit!
Trog accepts your kill.
Prince Ribbit returns to his original shape as he dies.
The bullfrog hits you but does no damage.
Your Axes skill increases to level 8!
Your Armour skill increases to level 6!
You now have 84 max hp (+3).
You miss the bullfrog. The bullfrog closely misses you.
You furiously retaliate!
You headbutt the bullfrog. You closely miss the bullfrog.
The bullfrog hits you.
* * * LOW HITPOINT WARNING * * *
The bullfrog barely misses you. 😨 HP[-1]
You take 1 damage, and now have 41/84 hp.
You closely miss the bullfrog.
The bullfrog hits you but does no damage. 😨 HP[+1]
You puncture the bullfrog! You freeze the bullfrog.
The bullfrog hits you but does no damage. x2
You puncture the bullfrog!
The bullfrog seems to slow down.
You freeze the bullfrog.
You kill the bullfrog!
Trog accepts your kill.
Your Fighting skill increases to level 8!
You now have 85 max hp (+1).
You see here the human corpse of Prince Ribbit. 😮 HP[+1] 😮 HP[+1]
You hear the creaking of a very distant portcullis. 😮 HP[+1] 😮 HP[+1]
An electric eel comes into view.
An electric eel comes into view. x2
The electric eel shoots out a bolt of lightning at you!
The bolt of electricity hits you!
* * * LOW HITPOINT WARNING * * *
An electric eel comes into view. 😨 HP[-10]
You take 10 damage, and now have 36/85 hp.
A wight comes into view. It is wielding a +3 scimitar.
The electric eel shoots out a bolt of lightning at you!
The bolt of electricity hits you!
* * * LOW HITPOINT WARNING * * *
The electric eel shoots out a bolt of lightning at you!
The bolt of electricity misses you.
The electric eel shoots out a bolt of lightning at you!
The bolt of electricity hits the electric eel.
The electric eel completely resists.
The bolt of electricity hits you!
* * * LOW HITPOINT WARNING * * *
😱 HP[-23]
You take 23 damage, and now have 13/85 hp.
MASSIVE DAMAGE!! (PAUSE)
The electric eel shoots out a bolt of lightning at you!
The bolt of electricity hits you!
* * * LOW HITPOINT WARNING * * *
The electric eel shoots out a bolt of lightning at you!
The bolt of electricity hits the electric eel.
The electric eel completely resists.
The bolt of electricity hits you!
You die...

Skill      XL: |  1  2  3  4  5  6  7  8  9 10 |
---------------+-------------------------------+-----
Fighting       | 4 5 7 8 |  8.0
Axes           | 4 5 7 8 |  8.0
Bows           | 4 8 11 14 15 | 15.8
Armour         | 4 6 |  6.0
Dodging        | |  2.1

Action                   |  1- 3 |  4- 6 |  7- 9 | 10-12 || total
-------------------------+-------+-------+-------+-------++-------
Melee: Hand axe          |    65 |       |       |       ||    65
       Headbutt          |     7 |    14 |    44 |    18 ||    83
       Mace              |     8 |    96 |    25 |       ||   129
       Punch             |       |     1 |       |       ||     1
       Whip              |       |       |   152 |       ||   152
       Trident           |       |       |    51 |    88 ||   139
Throw: Dart              |       |       |       |     4 ||     4
Invok: Berserk           |       |     1 |     8 |     3 ||    12
  Use: Scroll            |       |       |     1 |     6 ||     7
       Potion            |       |       |       |     2 ||     2
 Stab: Sleeping          |       |     1 |       |       ||     1
Armor: Animal skin       |    13 |    15 |       |       ||    28
       Chain mail        |       |    27 |    58 |       ||    85
       Plate armour      |       |       |    48 |    53 ||   101
Dodge: Dodged            |    53 |    63 |    96 |    25 ||   237

Levels and vault maps discovered:
D:1:      sevenhm_arrival_forest_fort_small_3, layout_rooms,
          hellmonk_ecumenical_altar_run_dry
D:2:      layout_loops_ring, st_stairs_1
D:3:      layout_rooms, grunt_ministairs_4, st_stairs_1, chequers_mini_garden,
          serial_bayou_lagoon_a, corexii_shack, minmay_misc_feat_ornament,
          uniq_crazy_yiuf_cottage
D:4:      layout_basic, lemuel_blue_sif_altar, serial_shops,
          nicolae_shop_overgrown_old_shop, nicolae_lakefront_shop,
          nicolae_shop_bloodbath_and_beyond
D:5:      layout_gridville, temple_statues, serial_shops, kennysheep_little_box,
          uniq_pikel, uniq_duvessa
D:6:      minmay_inner_zag, layout_gridville, minmay_misc_feat_secret_circle,
          minmay_misc_feat_diagonals
D:7:      layout_loops_cross, serial_bayou_pond_e
D:8:      layout_basic, minmay_lair_entry_grove, enter_bailey_5, uniq_amaemon,
          uniq_prince_ribbit1

Notes
Turn   | Place    | Note
-------+----------+-------------------------------------------
     0 | D:1      | Faeu the Minotaur Berserker began the quest for the Orb.
     0 | D:1      | Reached XP level 1. HP: 19/19 MP: 0/0
     0 | D:1      | magus.rc [v1.9.6]
   141 | D:1      | Reached skill level 4 in Fighting
   141 | D:1      | Reached skill level 4 in Axes
   143 | D:1      | Reached XP level 2. HP: 27/27 MP: 1/1
   162 | D:1      | Found a faded altar of an unknown god.
   362 | D:2      | Reached XP level 3. HP: 31/34 MP: 2/2
   503 | D:2      | Reached ** piety under Trog
   669 | D:2      | Identified the +4 long sword "Kacaw" {vamp, *Corrode rF+
                  | Int+9}
   871 | D:2      | You fall into a shaft and drop 1 floor!
   872 | D:3      | Identified the +2 mace of Interdependent Arising {drain,
                  | Fly}
   917 | D:3      | Reached skill level 5 in Fighting
   917 | D:3      | Reached skill level 5 in Axes
   917 | D:3      | Reached XP level 4. HP: 34/42 MP: 3/3
  1138 | D:3      | magus.rc [v1.9.6]
  1177 | D:3      | Identified the +9 shortbow of Gin and Tonic {flame, Str+4
                  | Dex+2}
  1417 | D:3      | Found a runed translucent door.
  1418 | D:3      | Noticed Crazy Yiuf
  1676 | D:3      | Killed Crazy Yiuf
  1677 | D:3      | Reached XP level 5. HP: 42/50 MP: 4/4
  1794 | D:4      | Reached skill level 1 in Bows
  1824 | D:4      | Found Cifrisai's Weapon Emporium.
  1828 | D:4      | Reached skill level 3 in Bows
  1923 | D:4      | Found a shimmering blue altar of Sif Muna.
  2038 | D:4      | Found Ryun's Antique Armour Emporium.
  2047 | D:4      | Reached skill level 4 in Bows
  2189 | D:4      | Reached XP level 6. HP: 51/57 MP: 5/5
  2441 | D:4      | Found Kese's Distillery.
  2472 | D:4      | Reached skill level 5 in Bows
  2544 | D:4      | Reached skill level 6 in Bows
  2576 | D:5      | Entered Level 5 of the Dungeon
  2593 | D:5      | Reached skill level 7 in Bows
  2702 | D:5      | Noticed a water moccasin
  2712 | D:5      | Reached skill level 8 in Bows
  2712 | D:5      | Reached XP level 7. HP: 60/62 MP: 6/6
  2719 | D:5      | Reached skill level 9 in Bows
  2873 | D:5      | Reached skill level 10 in Bows
  2913 | D:5      | Reached *** piety under Trog
  2952 | D:5      | HP: 22/93 [gnoll/+1 flail of protection (9)]
  2956 | D:5      | Reached skill level 11 in Bows
  3235 | D:5      | Found Kiratek's Weapon Shoppe.
  3291 | D:5      | Noticed Pikel
  3314 | D:4      | Reached XP level 8. HP: 48/66 MP: 7/7
  3558 | D:5      | Killed Pikel
  3559 | D:5      | Reached skill level 13 in Bows
  3718 | D:5      | Found a staircase to the Ecumenical Temple.
  3837 | D:5      | Reached skill level 14 in Bows
  4061 | D:5      | Noticed Duvessa
  4061 | D:5      | Noticed Dowan
  4069 | D:5      | Killed Dowan
  4070 | D:5      | Killed Duvessa
  4444 | D:6      | You pick up a book of Touch {forbidden} and begin
                  | reading...
  4444 | D:6      | You add the spells Static Discharge, Sticky Flame and
                  | Dispel Undead to your library.
  4473 | D:6      | Noticed a two-headed ogre
  4505 | D:5      | Reached XP level 9. HP: 61/75 MP: 8/8
  4667 | D:6      | Killed a two-headed ogre
  4668 | D:6      | Reached skill level 15 in Bows
  5126 | D:6      | You pick up a book of Misfortune {forbidden} and begin
                  | reading...
  5126 | D:6      | You add the spells Confusing Touch, Yara's Violent
                  | Unravelling and Enfeeble to your library.
  5352 | D:6      | Reached skill level 6 in Axes
  5447 | D:6      | Reached skill level 6 in Fighting
  5447 | D:6      | Reached skill level 3 in Armour
  6032 | D:7      | Reached skill level 4 in Armour
  6454 | D:6      | HP: 29/117 [orc warrior/+2 vorpal morningstar (2)]
  6720 | D:7      | Reached skill level 7 in Axes
  6737 | D:7      | Reached skill level 7 in Fighting
  6874 | D:7      | Reached XP level 10. HP: 76/86 MP: 9/9
  7043 | D:7      | Reached skill level 5 in Armour
  7164 | D:7      | You pick up a book of Decay {forbidden} and begin
                  | reading...
  7164 | D:7      | You add the spells Corpse Rot and Death Channel to your
                  | library.
  7587 | D:8      | HP: 30/120 [wight/+0 spear (7)]
  7604 | D:8      | HP: 14/79 [orc/+0 club (1)]
  7697 | D:8      | Noticed Prince Ribbit
  7707 | D:8      | Killed Prince Ribbit
  7708 | D:8      | Reached skill level 8 in Axes
  7708 | D:8      | Reached skill level 6 in Armour
  7713 | D:8      | Reached skill level 8 in Fighting
  7733 | D:8      | HP: 13/85 [electric eel/bolt of electricity (13)]
  7735 | D:8      | Killed from afar by an electric eel

Vanquished Creatures
  A two-headed ogre (D:6)
  Pikel (D:5)
  Prince Ribbit (D:8)
  4 water moccasins
  Duvessa (D:5)
  2 ice beasts
  An orc warrior (D:6)
  A sky beast (D:7)
  A black bear (D:5)
  3 ogres
  3 centaurs
  2 phantoms
  A lemure (D:5)
  2 necrophages
  2 bullfrogs
  A gnoll sergeant (D:8)
  6 scorpions
  6 wights
  Dowan (D:5)
  4 killer bees (D:7)
  4 jellies
  4 hounds
  4 orc priests
  A gnoll shaman (D:7)
  Crazy Yiuf (D:3)
  3 iguanas
  3 orc wizards
  11 gnolls
  6 adders
  2 shadow imps
  4 white imps
  4 dart slugs
  19 orcs
  3 ball pythons
  9 bats
  6 endoplasms
  A giant cockroach (D:1)
  3 goblins
  6 hobgoblins
  4 jackals (D:3)
  4 quokkas
  4 frilled lizards
  4 kobolds
  7 rats
161 creatures vanquished.

Vanquished Creatures (collateral kills)
  A water moccasin (D:6)
1 creature vanquished.

Grand Total: 162 creatures vanquished

Table legend:
 A = Non-vault XP
 B = Vault XP
 C = Vault XP percentage of total XP
 D = Non-vault monster count
 E = Vault monster count
 F = Vault count percentage of total count
                 A         B        C        D         E       F
            +---------+---------+-------+---------+---------+-------
      Total |    5573 |    1616 |  22.5 |     146 |      15 |   9.3
            +---------+---------+-------+---------+---------+-------
        D:1 |      24 |       0 |   0.0 |      15 |       0 |   0.0
        D:2 |      34 |      15 |  30.6 |      17 |       2 |  10.5
        D:3 |      69 |      89 |  56.3 |      17 |       6 |  26.1
        D:4 |     412 |       0 |   0.0 |      13 |       0 |   0.0
        D:5 |    1106 |     903 |  44.9 |      18 |       3 |  14.3
        D:6 |    1583 |     326 |  17.1 |      20 |       3 |  13.0
        D:7 |    1660 |       0 |   0.0 |      31 |       0 |   0.0
        D:8 |     685 |     283 |  29.2 |      15 |       1 |   6.2
            +---------+---------+-------+---------+---------+-------

Illustrated notes

Table legend:
 A = Kills in this place as a percentage of kills in entire the game.
 B = Kills by you in this place as a percentage of kills by you in the entire game.
 C = Kills by friends in this place as a percentage of kills by friends in the entire game.
 D = Other kills in this place as a percentage of other kills in the entire game.
 E = Experience gained in this place as a percentage of experience gained in the entire game.
 F = Experience gained in this place divided by the number of levels of this place that you have seen.
                   A       B       C       D       E      F
               +-------+-------+-------+-------+-------+----------------------
         Total | 100.0 | 100.0 | 100.0 |   N/A | 100.0 | 898.6
       Dungeon | 100.0 | 100.0 | 100.0 |   N/A | 100.0 | 898.6
               +-------+-------+-------+-------+-------+----------------------

Table legend: (Time is in decaauts)
 A = Elapsed time spent in this place.
 B = Non-inter-level travel time spent in this place.
 C = Inter-level travel time spent in this place.
 D = Time resting spent in this place.
 E = Time spent auto-exploring this place.
 F = Levels seen in this place.
 G = Mean time per level.
                   A        B        C        D        E       F      G
               +--------+--------+--------+--------+--------+-----+--------+
         Total |   7872 |   7714 |    158 |   1346 |   4324 |   8 |  984.0 |
       Dungeon |   7872 |   7714 |    158 |   1346 |   4324 |   8 |  984.0 |
               +--------+--------+--------+--------+--------+-----+--------+

Top non-repeatable levels by time:
     D:6: 1827 daAuts
     D:7: 1450 daAuts
     D:5: 1369 daAuts
     D:4: 1176 daAuts
     D:3: 906 daAuts
     D:2: 672 daAuts
     D:8: 266 daAuts
     D:1: 204 daAuts
